 Dungeon Crawl Stone Soup version 0.23.1 (webtiles) character file.

Game seed: 8984956256223002723

489 Borgoz the Sneak (level 7, -1/55 HPs)
             Began as a Ghoul Enchanter on Mar 10, 2019.
             Slain by a phantom (4 damage)
             ... on level 4 of the Dungeon.
             The game lasted 00:09:09 (4826 turns).

Borgoz the Sneak (Ghoul Enchanter)                  Turns: 4826, Time: 00:09:10

Health: -1/55      AC:  8    Str:  8 (12) XL:     7   Next: 14%
Magic:  0/9        EV: 12    Int:  7 (10) God:
Gold:   332        SH:  0    Dex:  8 (11) Spells: 5/11 levels left

rFire    . . .     SeeInvis .   b - +1 dagger (drain)
rCold    + . .     Gourm    .   (no shield)
rNeg     + + +     Faith    .   o - +2 animal skin
rPois    ∞         Spirit   +   k - +2 helmet
rElec    .         Reflect  .   q - scarf {Spirit}
rCorr    .         Harm     .   (no gloves)
MR       .....                  v - +0 pair of boots
Stlth    ++........             u - amulet of the acrobat
HPRegen  0.00/turn              (no ring)
MPRegen  0.11/turn              (no ring)

@: very slightly contaminated, rotting
A: rotting body, claws 1, carnivore, cold resistance 1, negative energy
resistance 3, inhibited regeneration, torment resistance, unbreathing
a: no special abilities


You were on level 4 of the Dungeon.
You were very hungry.

You visited 1 branch of the dungeon, and saw 5 of its levels.

You collected 332 gold pieces.

Inventory:

Hand Weapons
 b - a +1 dagger of draining (weapon)
Armour
 k - a +2 helmet (worn)
 o - a +2 animal skin (worn)
 q - a scarf of spirit shield (worn)
 v - a +0 pair of boots (worn)
Jewellery
 u - an amulet of the acrobat (around neck)
Wands
 n - a wand of scattershot (4)
Scrolls
 a - 2 scrolls of enchant armour {unknown}
 e - 3 scrolls of identify {unknown}
 f - 3 scrolls of blinking {unknown}
 i - 3 scrolls of teleportation {unknown}
 j - 2 scrolls of fear {unknown}
 m - a scroll of random uselessness {unknown}
 p - a scroll of remove curse {unknown}
 r - 2 scrolls of immolation {unknown}
 w - 2 scrolls of enchant weapon {unknown}
Potions
 g - a potion of agility
 h - a potion of degeneration
Comestibles
 d - 11 rations


   Skills:
 + Level 2.3 Fighting
 * Level 3.4 Short Blades
 + Level 1.9 Armour
 + Level 2.7 Dodging
 + Level 4.5 Stealth
 + Level 2.6 Spellcasting
 + Level 3.2 Hexes


You had 5 spell levels left.
You knew the following spells:

 Your Spells              Type           Power        Failure   Level  Hunger
a - Corona                Hex            #......      10%         1    ##.....
b - Ensorcelled Hibernat  Hex/Ice        #.....       28%         2    ###....
c - Confuse               Hex            #.......     28%         3    ####...

Your spell library contained the following spells:

 Spells                   Type           Power        Failure   Level  Hunger
 Tukima's Dance           Hex            #.......     28%         3    ####...
 Dazzling Spray           Conj/Hex       #.....       50%         3    ####...


Dungeon Overview and Level Annotations

Branches:
Dungeon (5/15)
 Temple: D:4-7

Altars:
Fedhas
Makhleb
Nemelex Xobeh
Okawaru
Qazlal
Uskayaw
Wu Jian

Annotations:
D:5 Dowan, Duvessa


Innate Abilities, Weirdness & Mutations

Your body is rotting away.
You thrive on raw meat.
You are immune to poison.
You have sharp fingernails.
You are carnivorous and can eat meat at any time.
Your flesh is cold resistant. (rC+)
You are immune to negative energy. (rN+++)
You do not regenerate when monsters are visible.
You are immune to unholy pain and torment.
You can survive without breathing.


Message History

You climb downwards.
A scorpion, Duvessa and Dowan come into view.
Duvessa is wielding a +1 short sword of venom.
Duvessa shouts!
Dowan shouts!
Found 9 gold pieces.
There is a stone staircase leading up here.
You climb upwards.
The phantom hits you but does no damage.
There is a stone staircase leading down here.
You are too injured to fight recklessly!
You closely miss the phantom.
The phantom is almost destroyed.
The phantom blinks!
You see here a scroll labeled RYFREF OXOY.
You open the door.
There is an open door here.
You hit the phantom.
The phantom is almost destroyed.
The phantom hits you.
You die...

##.....###....##...#.
##.....#####+###...#.
#.......[.....#....'.
#.............#######
#.............##...##
#....................
#....................
#......<.............
####@#####'##.####.##
##..W.###..##.####.##
#......#.............
#......#.............
#.[...!#.............
####....####.#######.##
#>...#### ####.####.##
##.........#..........#
#.........#..........'


You could see a phantom.

Vanquished Creatures
  A sky beast (D:4)
  A phantom (D:4)
  A scorpion (D:4)
  A hound (D:4)
  Ijyb (D:3)
  An iguana (D:4)
  Robin (D:2)
  3 gnolls
  7 adders
  An ooze (D:3)
  A worm (D:3)
  2 dart slugs
  A leopard gecko (D:4)
  6 orcs
  5 bats
  A giant cockroach (D:4)
  17 goblins
  8 hobgoblins
  3 quokkas
  2 ball pythons (D:1)
  5 frilled lizards
  3 kobolds (D:2)
  A quokka skeleton (D:4)
  5 rats
78 creatures vanquished.

Notes
Turn   | Place    | Note
-------+----------+-------------------------------------------
     0 | D:1      | Borgoz the Ghoul Enchanter began the quest for the Orb.
     0 | D:1      | Reached XP level 1. HP: 14/14 MP: 2/2
    77 | D:1      | Reached skill level 1 in Short Blades
   209 | D:1      | Reached XP level 2. HP: 9/20 MP: 3/3
  1224 | D:2      | Reached XP level 3. HP: 6/26 MP: 3/5
  1456 | D:1      | Learned a level 2 spell: Ensorcelled Hibernation
  1460 | D:1      | Learned a level 3 spell: Confuse
  1728 | D:2      | Reached skill level 1 in Fighting
  1728 | D:2      | Reached XP level 4. HP: 19/35 MP: 1/6
  1740 | D:2      | Noticed Robin
  2203 | D:2      | Reached skill level 1 in Armour
  2507 | D:2      | Reached XP level 5. HP: 16/40 MP: 1/7
  2521 | D:2      | Killed Robin
  3089 | D:3      | Noticed Ijyb
  3101 | D:3      | Killed Ijyb
  3101 | D:3      | Reached skill level 4 in Stealth
  3206 | D:3      | Found a hide-covered altar of Uskayaw.
  3573 | D:3      | Found a stormy altar of Qazlal.
  3574 | D:3      | Found a blossoming altar of Fedhas.
  3575 | D:3      | Found a burning altar of Makhleb.
  3576 | D:3      | Found an iron altar of Okawaru.
  3576 | D:3      | Found a sparkling altar of Nemelex Xobeh.
  3577 | D:3      | Found an ornate altar of the Wu Jian Council.
  3934 | D:4      | Reached XP level 6. HP: 48/48 MP: 8/8
  3959 | D:4      | Noticed a phantom
  4228 | D:4      | Noticed a sky beast
  4235 | D:4      | Killed a sky beast
  4580 | D:4      | Killed a phantom
  4580 | D:4      | Reached XP level 7. HP: 31/55 MP: 0/9
  4802 | D:4      | HP: 2/55 [phantom (7)]
  4813 | D:5      | Entered Level 5 of the Dungeon
  4813 | D:5      | Noticed Duvessa
  4813 | D:5      | Noticed Dowan
  4826 | D:4      | Slain by a phantom

Skill      XL: |  1  2  3  4  5  6 |
---------------+-------------------+-----
Short Blades   | 1 2 3 |  3.4
Dodging        | 2 |  2.7
Spellcasting   | 2 |  2.6
Fighting       | 1 2 |  2.3
Armour         | 1 |  1.9
Stealth        | 4 |  4.5
Hexes          | 3 |  3.2

Action                   |  1- 3 |  4- 6 |  7- 9 || total
-------------------------+-------+-------+-------++-------
Melee: Dagger            |   108 |   223 |    60 ||   391
 Cast: Ensorcelled Hiber |     6 |    16 |       ||    22
       Confuse           |       |     5 |     2 ||     7
  Use: Potion            |       |     1 |     3 ||     4
 Stab: Sleeping          |     7 |    16 |       ||    23
       Distracted        |     1 |       |       ||     1
       Confused          |       |     2 |       ||     2
  Eat: Chunk             |    10 |    10 |       ||    20
Armor: Robe              |    10 |    20 |       ||    30
       Animal skin       |       |    37 |    12 ||    49
Dodge: Dodged            |    69 |   128 |    24 ||   221
